 Dungeon Crawl Stone Soup version 0.21.1-1-g345015f (console) character file.

387 erker the Insei (level 6, 0/39 HPs)
             Began as an Octopode Transmuter on Apr 8, 2018.
             Slain by a gnoll
             ... wielding a +0 halberd of flaming
              (14 damage)
             ... on level 3 of the Dungeon on Apr 9, 2018.
             The game lasted 00:26:02 (4047 turns).

erker the Insei (Octopode Transmuter)               Turns: 4047, Time: 00:26:03

Health: 0/39       AC:  1    Str: 10    XL:     6   Next: 78%
Magic:  9/11       EV: 13    Int: 17    God:
Gold:   158        SH:  0    Dex: 12    Spells: 1/12 levels left

rFire    . . .     SeeInvis .     - Unarmed
rCold    . . .     Gourm    .   (no shield)
rNeg     . . .     Faith    .   (helmet restricted)
rPois    .         Spirit   .   (no amulet)
rElec    .         Reflect  .   (no ring)
rCorr    .         Harm     .   (no ring)
MR       .....                  (no ring)
Stlth    ++........             (no ring)
HPRegen  0.13/turn              (no ring)
MPRegen  0.12/turn              (no ring)
                                (no ring)
                                (no ring)

@: no status effects
A: almost no armour, stealthy swim, amphibious, 8 rings, constrict 8, camouflage
1, gelatinous body 1
a: no special abilities


You were on level 3 of the Dungeon.
You were not hungry.

You visited 1 branch of the dungeon, and saw 5 of its levels.
You also visited: Ossuary.

You collected 158 gold pieces.

Inventory:

Missiles
 a - 7 arrows
 j - 42 bolts
 q - 5 javelins of returning (quivered)
Scrolls
 d - 2 scrolls of remove curse {unknown}
 f - a scroll of fog {unknown}
 g - 5 scrolls of amnesia {unknown}
 h - a scroll of random uselessness {unknown}
 k - a scroll of blinking {unknown}
 l - 2 scrolls of noise {unknown}
 m - 4 scrolls of identify {unknown}
 o - a scroll of teleportation {unknown}
 p - a scroll of magic mapping {unknown}
Potions
 e - 5 potions of invisibility {unknown}
 i - 5 potions of curing {unknown}
 n - 3 potions of resistance {unknown}
 r - a potion of flight {unknown}
 t - a potion of brilliance {unknown}
 u - a potion of lignification {unknown}
 v - a potion of mutation {unknown}
 w - 2 potions of heal wounds {unknown}
 x - 2 potions of might {unknown}
 z - a potion of ambrosia {unknown}
 A - a potion of degeneration {unknown}
Books
 b - a book of Changes

   Spells                             Type                      Level
   a - Beastly Appendage              Transmutation                1
   b - Sticks to Snakes               Transmutation                2
   c - Spider Form                    Transmutation/Poison         3
   d - Ice Form                       Ice/Transmutation            4
   e - Blade Hands                    Transmutation                5
 s - a book of Misfortune

   Spells                             Type                      Level
   a - Confusing Touch                Hexes                        1
   b - Confuse                        Hexes                        3
   c - Gell's Gravitas                Translocation                3
   d - Petrify                        Transmutation/Earth          4
   e - Metabolic Englaciation         Hexes/Ice                    5
   f - Yara's Violent Unravelling     Hexes/Transmutation          5
Comestibles
 c - 6 rations


   Skills:
 + Level 1.7 Fighting
 + Level 0.3 Throwing
 + Level 2.5 Dodging
 + Level 4.7 Unarmed Combat
 + Level 3.5 Spellcasting
 * Level 3.8 Transmutations
 * Level 0.9 Ice Magic
 + Level 1.0 Poison Magic


You had one spell level left.
You knew the following spells:

 Your Spells              Type           Power        Failure   Level  Hunger
a - Beastly Appendage     Tmut           ###...       3%          1    None
b - Ice Form              Ice/Tmut       ##......     52%         4    ####...
c - Confusing Touch       Hex            #.....       17%         1    None
s - Spider Form           Tmut/Pois      ##........   19%         3    ###....
t - Sticks to Snakes      Tmut           ###.....     5%          2    ##.....


Dungeon Overview and Level Annotations

Branches:
Dungeon (5/15)
 Temple: D:4-7

Altars:
Okawaru


Innate Abilities, Weirdness & Mutations

You cannot wear most types of armour.
You are very stealthy in the water. (Stealth+)
You are amphibious.
You can wear up to eight rings at the same time.
You can use your tentacles to constrict eight enemies at once.
Your skin changes colour to match your surroundings (Stealth+).
Your rubbery body absorbs attacks. (AC +1, EV +1)


Message History

Your transformation is almost over.
The gnoll hits you from afar with a halberd of flaming!
The gnoll burns you.
The gnoll hits you with a halberd of flaming.
The gnoll burns you.
You hit the gnoll.
The gnoll is moderately wounded.
Your transformation has ended.
The gnoll hits you with a halberd of flaming!
The gnoll burns you.
You tentacle-slap the gnoll. You grab the gnoll.
You tentacle-slap the gnoll, but do no damage.
You squeeze the gnoll, but do no damage.
The gnoll is heavily wounded.
You constrict the gnoll. You tentacle-slap the gnoll.
The gnoll is severely wounded.
You constrict the gnoll.
The gnoll hits you with a halberd of flaming!
You die...

###..#...###.# #.....#
#......#...###..#..#
#.##....<..........# ###
####.####.#.###.####.##
...........)...(..##......#
#.#....#.######...#########
.# #. #...# #.# #. #...# #
.# # #.@.# . ######.#. #.g.#
.. ..#.....
####...#######... #.#.#.#
.<................ #.....#
..........#.......
#.....##...................#
...........##.#...#.#####...
.......### #.#...#.#
.......# #.#...#.#


You could see a gnoll.

Vanquished Creatures
  2 water moccasin zombies (Ossuary)
  An orc wizard (D:3)
  3 big kobold zombies (Ossuary)
  2 mummies (Ossuary)
  2 gnolls (D:3)
  6 adder zombies (Ossuary)
  3 worms
  A leopard gecko (D:1)
  5 orcs (D:3)
  8 bats
  2 giant cockroaches
  5 gnoll zombies (Ossuary)
  5 goblins
  3 hobgoblins (D:2)
  6 jackals
  4 kobolds
  2 quokkas
  3 ball pythons
  4 frilled lizards
  A hobgoblin zombie (Ossuary)
  2 kobold zombies (Ossuary)
  2 orc zombies (Ossuary)
  3 rats
  2 rat zombies (D:4)
77 creatures vanquished.

Vanquished Creatures (collateral kills)
  An ogre (D:4)
  A gnoll zombie (Ossuary)
  A hobgoblin zombie (Ossuary)
  A kobold zombie (Ossuary)
4 creatures vanquished.

Vanquished Creatures (others)
  A jackal (D:2)
  A rat (D:2)
2 creatures vanquished.

Grand Total: 83 creatures vanquished

Notes
Turn   | Place    | Note
-------+----------+-------------------------------------------
     0 | D:1      | erker the Octopode Transmuter began the quest for the Orb.
     0 | D:1      | Reached XP level 1. HP: 13/13 MP: 3/3
    65 | D:1      | Reached XP level 2. HP: 11/18 MP: 3/5
    69 | D:1      | Learned a level 2 spell: Sticks to Snakes
  1048 | D:2      | Reached XP level 3. HP: 9/23 MP: 3/6
  1053 | D:2      | Learned a level 3 spell: Spider Form
  2248 | D:3      | Reached XP level 4. HP: 20/28 MP: 4/8
  2330 | D:3      | You fall through a shaft for 2 floors!
  2330 | D:5      | Entered Level 5 of the Dungeon
  2365 | D:4      | Found an iron altar of Okawaru.
  2416 | D:4      | Found a sand-covered staircase.
  2438 | Ossuary  | Entered an ossuary
  2483 | Ossuary  | Reached XP level 5. HP: 21/33 MP: 6/9
  2601 | Ossuary  | Learned a level 1 spell: Confusing Touch
  2773 | Ossuary  | Reached skill level 4 in Unarmed Combat
  2994 | Ossuary  | Reached skill level 1 in Poison Magic
  3249 | Ossuary  | Reached XP level 6. HP: 22/38 MP: 8/10
  3255 | Ossuary  | Learned a level 4 spell: Ice Form
  4047 | D:3      | Slain by a gnoll

Skill      XL: |  1  2  3  4  5 |
---------------+----------------+-----
Transmutations | 3 |  3.8
Spellcasting   | 3 |  3.5
Unarmed Combat | 4 |  4.7
Poison Magic   | 1 |  1.0
Fighting       | |  1.7
Throwing       | |  0.3
Dodging        | |  2.5
Ice Magic      | |  0.9

Action                   |  1- 3 |  4- 6 || total
-------------------------+-------+-------++-------
Melee: Unarmed           |    98 |   145 ||   243
       Constrict         |    23 |    29 ||    52
       Kick              |     4 |       ||     4
       Punch             |     1 |     8 ||     9
       Tentacles         |     9 |    21 ||    30
Throw: Javelin           |     8 |       ||     8
 Cast: Beastly Appendage |    15 |       ||    15
       Sticks to Snakes  |     1 |     4 ||     5
       Spider Form       |     7 |     5 ||    12
       Confusing Touch   |       |    13 ||    13
 Stab: Sleeping          |     7 |     3 ||    10
       Confused          |       |     9 ||     9
  Eat: Chunk             |     5 |     4 ||     9
       Ration            |       |     1 ||     1
Armor: Skin              |    11 |     5 ||    16
Dodge: Dodged            |    62 |    67 ||   129
